 Dungeon Crawl Stone Soup version 0.31.0-12-g77e489cdc1 (webtiles) character file.

Game seed: 6750203530157007730

2151 ZodNigurash the Magician (level 9, -2/66 HPs)
             Began as a Djinni Conjurer on Feb 27, 2024.
             Was an Initiate of Makhleb.
             Slain by an ice beast (18 damage)
             ... on level 7 of the Dungeon on Feb 28, 2024.
             The game lasted 00:45:32 (7412 turns).

ZodNigurash the Magician (Djinni Conjurer)          Turns: 7412, Time: 00:45:33

Health: -2/66      AC:  5    Str:  6    XL:     9   Next: 56%
Gold:   364        EV: 13    Int: 24    God:    Makhleb [......] SH:  0 Dex: 12

rFire   + + .        i - staff of earth
rCold   x . .        (no shield)
rNeg    . . .        a - +0 robe
rPois   ∞            j - +0 helmet
rElec   .            u - +0 cloak
rCorr   .            c - +0 pair of gloves {hurl}
SInv    .            (boots unavailable)
Will    .....        (no amulet)
Stlth   ++           (no ring)
HPRegen 0.31/turn    (no ring)
MPRegen 0.00/turn

%: infuse magic (-3 HP)
@: flying
A: sickness immunity, fire resistance 2, cold vulnerability 1, float, innate
caster, HP casting, extra vitality 1
a: Renounce Religion


You were on level 7 of the Dungeon.
You worshipped Makhleb.
Makhleb was noncommittal.
You visited 2 branches of the dungeon, and saw 8 of its levels.

You collected 364 gold pieces.

Inventory:

Armour
 a - a +0 robe (worn)
 c - a +0 pair of gloves of hurling (worn)
 j - a +0 helmet (worn)
 u - a +0 cloak (worn)
Magical Staves
 i - a staff of earth (weapon)
 y - a staff of death
Jewellery
 x - a +6 ring of intelligence
Wands
 A - a wand of mindburst (12)
 B - a wand of roots (5)
Scrolls
 f - 2 scrolls of enchant armour
 h - a scroll of revelation
 k - a scroll of amnesia {unknown}
 l - 2 scrolls of teleportation {unknown}
 p - a scroll of enchant weapon {unknown}
 q - a scroll of fear {unknown}
 t - a scroll of blinking {unknown}
 v - a scroll of brand weapon {unknown}
 w - a scroll of poison
 z - 3 scrolls of identify
Potions
 b - 6 potions of enlightenment
 d - a potion of haste
 e - a potion of might {unknown}
 g - a potion of invisibility {unknown}
 m - a potion of ambrosia {unknown}
 n - a potion of berserk rage {unknown}
 o - a potion of lignification {unknown}
 r - 3 potions of curing
 s - a potion of cancellation {unknown}


   Skills:
 + Level 6.0 Fighting
 + Level 3.9 Armour
 - Level 4.0 Dodging
 - Level 1.5 Stealth
 * Level 7.6 Spellcasting
 * Level 7.6 Conjurations
 * Level 7.6 Hexes
 * Level 7.6 Summonings
 * Level 7.6 Necromancy
 * Level 7.6 Translocations
 * Level 7.6 Fire Magic
 * Level 7.6 Ice Magic
 * Level 7.6 Air Magic
 * Level 7.6 Earth Magic
 * Level 7.6 Alchemy
 - Level 2.0 Evocations


You knew the following spells:

 Your Spells              Type           Power      Damage    Failure   Level
a - Fulminant Prism       Conj/Alch      22%        3d12      3%          4
b - Iskenderun's Mystic   Conj/Tloc      45%        2d10      3%          4
c - Sticky Flame          Fire/Alch      45%        2d9       3%          4
d - Searing Ray           Conj           90%        2d7       1%          2
e - Sandblast             Erth           100%       2d20      1%          1
f - Swiftness             Air            45%        N/A       1%          3
g - Magic Dart            Conj           100%       1d8       1%          1
z - Static Discharge      Conj/Air       90%        3-7/arc   1%          2
Your spell library was empty.

Dungeon Overview and Level Annotations

Branches:
Dungeon (7/15)             Temple (1/1) D:6

Altars:
Ashenzari
Cheibriados
Dithmenos
Elyvilon
Fedhas
Hepliaklqana
Makhleb
Nemelex Xobeh
Okawaru
Qazlal
Trog
Uskayaw
Wu Jian
Xom
Yredelemnul
Zin


Innate Abilities, Weirdness & Mutations

You are immune to sickness and miasma.
You are immune to poison.
Your flesh is very heat resistant. (rF++)
You are vulnerable to cold. (rC-)
You float through the air rather than walking.
You learn spells naturally, not from books.
Your magical power is your life essence.
You have superior vitality. (+4 MHP)


Message History

The iguana is knocked back by the mystic blast.
The mystic blast hits the hound!
The hound is severely wounded.
The hound is knocked back by the mystic blast.
The hound slams into the rock wall!
You kill the hound!
Makhleb accepts your kill.
Casting: Iskenderun's Mystic Blast (dangerous; 3% risk of failure)
Confirm with . or Enter, or press ? or * to list all spells.
Aiming: Fulminant Prism (dangerous; 3% risk of failure)
Press: ? - help, Dir - move target You conjure a prism of explosive energy!
A fulminant prism comes into view.
Your fulminant prism crackles loudly.
Unknown command.
Your fulminant prism explodes!
The blast of energy engulfs the iguana!!
You kill the iguana!
Makhleb accepts your kill.
You start resting.
An ice beast comes into view.
Casting: Fulminant Prism (dangerous; 3% risk of failure)
Confirm with . or Enter, or press ? or * to list all spells.
Aiming: Sticky Flame (dangerous; 3% risk of failure)
Press: ? - help, Shift-Dir - straight line, f - you
Okay, then.
Casting: Sticky Flame (dangerous; 3% risk of failure)
Confirm with . or Enter, or press ? or * to list all spells.
Aiming: Sticky Flame (dangerous; 3% risk of failure)
Press: ? - help, Shift-Dir - straight line, f - ice beast
Aim: an ice beast The sticky flame hits the ice beast.
The ice beast melts!
The ice beast is lightly wounded.
The ice beast burns!
The ice beast hits you. The ice beast freezes you!
You feel a terrible chill!
* * * LOW HITPOINT WARNING * * *
The ice beast burns!
The ice beast hits you.
* * * LOW HITPOINT WARNING * * *
The ice beast freezes you!!
You feel a terrible chill!
You die...

## #. #. #. #.
##.###†######
.......†....#.###
.###.#.#@........
#.#Y....####
#.#.#...#
Y.#.....#
..#.....#
......#..#
...#..##.# ....
.#


You could see an ice beast (burning).

Vanquished Creatures
  4 water moccasins
  A sky beast (D:7)
  2 black bears (D:5)
  5 ogres
  2 ice beasts (D:6)
  A bullfrog (D:6)
  A scorpion (D:5)
  A howler monkey (D:5)
  5 hounds
  2 bombardier beetles (D:5)
  An orc priest (D:5)
  A gnoll bouda (D:6)
  A jelly (D:6)
  A sleepcap (D:5)
  3 iguanas
  2 orc wizards (D:6)
  3 gnolls (D:5)
  8 adders
  A shadow imp (D:6)
  3 white imps
  An adder zombie (D:2)
  8 dart slugs
  A ribbon worm (D:2)
  20 orcs
  3 bats
  5 endoplasms
  4 giant cockroaches
  5 goblins
  5 hobgoblins
  4 jackals
  4 quokkas
  8 ball pythons
  A ball python skeleton (D:2)
  A frilled lizard (D:1)
  4 kobolds
  A quokka skeleton (D:2)
  4 rats
  3 fulminant prisms (D:5)
130 creatures vanquished.

Vanquished Creatures (others)
  47 fulminant prisms
47 creatures vanquished.

Grand Total: 177 creatures vanquished

Notes
Turn   | Place    | Note
-------+----------+-------------------------------------------
     0 | D:1      | ZodNigurash the Djinni Conjurer began the quest for the
                  | Orb.
     0 | D:1      | ZodNigurash set off with the following spells memorised:
                  | Magic Dart, Searing Ray, Fulminant Prism, Iskenderun's
                  | Mystic Blast.
     0 | D:1      | Reached XP level 1. HP: 15/15 MP: 0/0
   157 | D:1      | Reached XP level 2. HP: 21/22 MP: 0/0
   295 | D:1      | Reached skill level 1 in Fighting
   431 | D:1      | Reached XP level 3. HP: 23/27 MP: 0/0
   431 | D:1      | Learned a level 1 spell: Sandblast
  1296 | D:2      | Reached XP level 4. HP: 28/32 MP: 0/0
  1533 | D:2      | Found a bloodstained altar of Trog.
  2094 | D:3      | Reached XP level 5. HP: 9/38 MP: 0/0
  2094 | D:3      | Learned a level 2 spell: Static Discharge
  2930 | D:4      | Reached XP level 6. HP: 44/45 MP: 0/0
  3762 | D:5      | Entered Level 5 of the Dungeon
  3772 | D:5      | Noticed an ogre
  3835 | D:5      | Noticed an ogre
  4082 | D:5      | Reached skill level 5 in Spellcasting
  4082 | D:5      | Reached skill level 5 in Conjurations
  4082 | D:5      | Reached skill level 5 in Hexes
  4082 | D:5      | Reached skill level 5 in Summonings
  4082 | D:5      | Reached skill level 5 in Necromancy
  4082 | D:5      | Reached skill level 5 in Translocations
  4082 | D:5      | Reached skill level 5 in Fire Magic
  4082 | D:5      | Reached skill level 5 in Ice Magic
  4082 | D:5      | Reached skill level 5 in Air Magic
  4082 | D:5      | Reached skill level 5 in Earth Magic
  4082 | D:5      | Reached skill level 5 in Alchemy
  4128 | D:5      | Reached XP level 7. HP: 45/50 MP: 0/0
  4128 | D:5      | Learned a level 3 spell: Swiftness
  4429 | D:5      | Noticed a water moccasin
  4439 | D:5      | Killed a water moccasin
  4648 | D:5      | Reached XP level 8. HP: 41/58 MP: 0/0
  5055 | D:5      | Reached skill level 1 in Armour
  5055 | D:5      | Reached skill level 1 in Evocations
  6120 | D:6      | Found a staircase to the Ecumenical Temple.
  6132 | Temple   | Entered the Ecumenical Temple
  6147 | Temple   | Became a worshipper of Makhleb the Destroyer
  6205 | D:6      | Reached skill level 5 in Fighting
  6583 | D:6      | Reached XP level 9. HP: 26/65 MP: 0/0
  6583 | D:6      | Learned a level 4 spell: Sticky Flame
  7412 | D:7      | Slain by an ice beast

Illustrated notes

Levels and vault maps discovered:
D:1:      matt_arrival_spirals, layout_loops_ring
D:2:      layout_loops_ring, serial_undead, serial_undead_b, serial_undead_a,
          serial_undead_d, serial_undead_f, basic_altar,
          kennysheep_generic_room_14
D:3:      layout_rooms, mainiacjoe_overflow_24_doors, serial_forest,
          infiniplex_forest_clump_cross, infiniplex_forest_end_1,
          infiniplex_forest_clump_tiny, infiniplex_forest_lined_room_,
          infiniplex_forest_lined_room_2, infiniplex_forest_lined_corner,
          infiniplex_forest_clump_small
D:4:      layout_basic, kennysheep_generic_room_2
D:5:      layout_loops_ring, grunt_ministairs_10, serial_bayou_pond_d
D:6:      layout_rooms, minmay_temple_entry_sparse_star, chequers_jeans,
          corexii_leaking_fountain, st_stairs_11
D:7:      layout_basic, ebering_ghost_xom, dk_rats_in_the_wall
Temple:   regret_index_temple_chain_breaker

Skill      XL: |  1  2  3  4  5  6  7  8  9 |
---------------+----------------------------+-----
Fighting       | 1 2 3 4 5 6 |  6.0
Spellcasting   | 4 5 6 7 |  7.6
Conjurations   | 4 5 6 7 |  7.6
Hexes          | 4 5 6 7 |  7.6
Summonings     | 4 5 6 7 |  7.6
Necromancy     | 4 5 6 7 |  7.6
Translocations | 4 5 6 7 |  7.6
Fire Magic     | 4 5 6 7 |  7.6
Ice Magic      | 4 5 6 7 |  7.6
Air Magic      | 4 5 6 7 |  7.6
Earth Magic    | 4 5 6 7 |  7.6
Alchemy        | 4 5 6 7 |  7.6
Dodging        | 3 4 |  4.0
Armour         | 2 3 |  3.9
Evocations     | 2 |  2.0
Stealth        | |  1.5

Action                     |  1- 3 |  4- 6 |  7- 9 || total
---------------------------+-------+-------+-------++-------
  Melee: Staff             |       |     1 |     1 ||     2
   Cast: Magic Dart        |    46 |    41 |    16 ||   103
         Sandblast         |    10 |    28 |     2 ||    40
         Searing Ray       |     2 |     6 |     1 ||     9
         Static Discharge  |       |    10 |       ||    10
         Fulminant Prism   |       |     1 |    49 ||    50
         Iskenderun's Myst |       |       |    31 ||    31
         Sticky Flame      |       |       |     5 ||     5
    Use: Potion            |     1 |       |       ||     1
         Scroll            |       |     3 |     3 ||     6
 Armour: Robe              |     4 |    30 |    13 ||    47
  Dodge: Dodged            |       |    18 |     8 ||    26
